 Dungeon Crawl Stone Soup version 0.19-a0-854-gc78d25d (webtiles) character file.

1305 Implojin the Cleaver (level 8, -10/64 HPs)
             Began as a Minotaur Fighter on July 2, 2016.
             Was a Follower of Okawaru.
             Mangled by a spiny frog (18 damage)
             ... on level 1 of the Lair of Beasts.
             The game lasted 00:08:58 (1594 turns).

Implojin the Cleaver (Minotaur Fighter)             Turns: 1594, Time: 00:08:59

Health: -10/64     AC: 11    Str: 21    XL:     8   Next: 31%
Magic:  4/7        EV:  9    Int:  5    God:    Okawaru [*.....]
Gold:   0          SH: 15    Dex: 12    Spells: 0 memorised, 7 levels left

rFire  . . .     SeeInvis .     a - +0 war axe
rCold  . . .     Gourm    .     o - +0 chain mail
rNeg   . . .     Faith    .     c - +0 shield
rPois  .         Spirit   .     (helmet restricted)
rElec  .         Dismiss  .     (no cloak)
rCorr  .         Reflect  +     (no gloves)
SustAt .         Harm     .     (no boots)
MR     .....                    s - +4 amulet of reflection
Stlth  ..........               (no ring)
                                (no ring)

@: lethally poisoned (-10 -> -24), heroism, not resistant to hostile
enchantments, extremely unstealthy
A: retaliatory headbutt, horns 2
a: Heroism, Renounce Religion


You were on level 1 of the Lair of Beasts.
You worshipped Okawaru.
Okawaru was aware of your devotion.
You were not hungry.

You visited 3 branches of the dungeon, and saw 11 of its levels.

Inventory:

Hand Weapons
 a - a +0 war axe (weapon)
 p - a +0 blowgun
Missiles
 q - 21 poisoned needles
Armour
 b - a +0 scale mail
 c - a +0 shield (worn)
 o - a +0 chain mail (worn)
Jewellery
 s - a +4 amulet of reflection (around neck)
 t - an uncursed amulet of inaccuracy
Wands
 l - a wand of paralysis (17/24)
Scrolls
 h - 2 scrolls of remove curse
 i - a scroll of magic mapping
 j - 2 scrolls of fear {unknown}
 r - a scroll of enchant weapon {unknown}
 u - 2 scrolls of noise {unknown}
 w - 3 scrolls of identify {unknown}
Potions
 e - a potion of cancellation {unknown}
 g - a potion of cure mutation {unknown}
 k - a potion of brilliance {unknown}
 m - a potion of haste {unknown}
 n - 2 potions of flight {unknown}
 v - a potion of might
 x - a potion of mutation {unknown}
 A - a potion of lignification {unknown}
Books
 d - a book of Flames

   Spells                             Type                      Level
   a - Flame Tongue                   Conjuration/Fire             1
   b - Throw Flame                    Conjuration/Fire             2
   c - Conjure Flame                  Conjuration/Fire             3
   d - Inner Flame                    Hexes/Fire                   3
   e - Sticky Flame                   Conjuration/Fire             4
   f - Fireball                       Conjuration/Fire             5
 y - a book of Enchantments

   Spells                             Type                      Level
   a - Cause Fear                     Hexes                        4
   b - Yara's Violent Unravelling     Hexes/Transmutation          5
   c - Silence                        Hexes/Air                    5
   d - Deflect Missiles               Charms/Air                   6
   e - Haste                          Charms                       6
   f - Discord                        Hexes                        8
Comestibles
 f - 2 bread rations
 z - 2 meat rations


   Skills:
 - Level 3.6(8.6) Fighting
 * Level 12.0(17.0) Axes
 - Level 3.6(8.6) Armour
 - Level 3.6(8.6) Shields


You had 7 spell levels left.
You didn't know any spells.

Dungeon Overview and Level Annotations

Branches:
Dungeon (8/15)             Temple (1/1) D:5            Lair (2/6) D:8
  Swamp: Lair:2-4    Shoals: Lair:2-4     Snake: Lair:2-4    Spider: Lair:2-4

Altars:
Ashenzari
Dithmenos
Elyvilon
Kikubaaqudgha
Okawaru
Pakellas
Ru
Uskayaw
The Shining One

Annotations:
D:7 Pikel
Lair:1 exclusion: oklob plant


Innate Abilities, Weirdness & Mutations

You reflexively headbutt those who attack you in melee.
You have a pair of horns on your head.


Message History

The spiny frog is heavily wounded.
The spiny frog stings you but does no damage.
You closely miss the spiny frog.
The spiny frog is heavily wounded.
You feel like a meek peon again. The spiny frog barely misses you.
You furiously retaliate!
You headbutt the spiny frog, but do no damage.
You closely miss the spiny frog. Your headbutt misses the spiny frog.
The spiny frog is heavily wounded.
The spiny frog stings you.
* * * LOW HITPOINT WARNING * * *
You are lethally poisoned!
The spiny frog poisons you!
Unknown command.
You gain the combat prowess of a mighty hero.
* * * LOW HITPOINT WARNING * * *
You feel sick. The spiny frog barely misses you.
You block the spiny frog's attack.
Unknown command.
You slash the spiny frog!
The spiny frog is heavily wounded.
* * * LOW HITPOINT WARNING * * *
You feel sick.
Unknown command.
You hit the spiny frog but do no damage.
The spiny frog is heavily wounded.
* * * LOW HITPOINT WARNING * * *
You feel sick. You block the spiny frog's attack.
Unknown command.
You barely miss the spiny frog.
You headbutt the spiny frog, but do no damage.
The spiny frog is heavily wounded.
* * * LOW HITPOINT WARNING * * *
You feel sick. You block the spiny frog's attack.
Unknown command.
Your chain mail prevents you from hitting the spiny frog.
The spiny frog is heavily wounded.
* * * LOW HITPOINT WARNING * * *
You feel sick. The spiny frog stings you!!
You die...

.........>.......PPP......#
.................PPP(.....#
.................PPP......#
..................".......#
.###.#.####.............)
#...).....#..##..##+#...
#.......†.#....... ...
#.........#..#..
..........@# ....
..P........F.......
..#.........#......
............#..#...
............ .# ..
.......)# .# +###..### .
... ##


You could see a spiny frog.

Vanquished Creatures
  Prince Ribbit (D:7)
  Grinder (D:4)
  A hippogriff (Lair:1)
  A slave (D:7)
  A wasp (D:8)
  An ogre (D:8)
  A crocodile (D:8)
  A giant frog (Lair:1)
  A scorpion (D:7)
  A crimson imp (D:4)
  A hound (D:7)
  6 orc wizards
  2 orc priests (D:7)
  An iguana (D:8)
  A worker ant (D:7)
  2 adders
  2 river rats (D:8)
  8 orcs
  4 giant cockroaches
  3 goblins
  3 hobgoblins
  4 jackals (D:2)
  10 bats
  3 giant newts
  2 hobgoblin zombies (D:4)
  5 kobolds
  A kobold skeleton (D:4)
  2 kobold zombies (D:4)
  2 orc zombies (D:4)
  6 rats
  2 fungi (D:8)
80 creatures vanquished.

Vanquished Creatures (others)
  4 fungi (D:8)
  A plant (D:8)
5 creatures vanquished.

Grand Total: 85 creatures vanquished

Notes
Turn   | Place    | Note
-------+----------+-------------------------------------------
     0 | D:1      | Implojin the Minotaur Fighter began the quest for the Orb.
     0 | D:1      | Reached XP level 1. HP: 19/19 MP: 0/0
    73 | D:1      | Reached skill level 3 in Axes
   118 | D:2      | Reached XP level 2. HP: 18/26 MP: 1/1
   290 | D:2      | Reached skill level 4 in Axes
   371 | D:3      | Found a faded altar of an unknown god.
   392 | D:3      | Reached XP level 3. HP: 27/31 MP: 2/2
   639 | D:4      | Noticed Grinder
   648 | D:4      | Killed Grinder
   648 | D:4      | Reached skill level 7 in Axes
   648 | D:4      | Reached XP level 4. HP: 25/39 MP: 3/3
   648 | D:4      | Reached XP level 5. HP: 29/45 MP: 4/4
   653 | D:4      | Found a glowing golden altar of the Shining One.
   660 | D:4      | Reached XP level 6. HP: 34/51 MP: 5/5
   699 | D:5      | Entered Level 5 of the Dungeon
   805 | D:5      | Found a staircase to the Ecumenical Temple.
   816 | Temple   | Entered the Ecumenical Temple
   829 | Temple   | Became a worshipper of Warmaster Okawaru
   862 | D:6      | Reached skill level 8 in Axes
   937 | D:7      | Noticed a slave
   937 | D:7      | Noticed a slave
   937 | D:7      | Noticed a slave
   939 | D:7      | Noticed Pikel
   950 | D:7      | Noticed a slave
   975 | D:7      | Reached skill level 9 in Axes
  1259 | D:8      | Reached * piety under Okawaru
  1259 | D:8      | Reached XP level 7. HP: 36/57 MP: 6/6
  1296 | D:7      | Noticed Prince Ribbit
  1318 | D:7      | Killed Prince Ribbit
  1318 | D:7      | Reached skill level 10 in Axes
  1389 | D:7      | Reached skill level 11 in Axes
  1406 | D:7      | Reached XP level 8. HP: 38/64 MP: 4/7
  1441 | D:8      | Found a staircase to the Lair.
  1510 | Lair:1   | Entered Level 1 of the Lair of Beasts
  1548 | Lair:1   | Noticed an oklob plant
  1581 | Lair:1   | Noticed a spiny frog
  1581 | Lair:1   | Reached skill level 12 in Axes
  1594 | Lair:1   | Mangled by a spiny frog

Vault maps used:
D:1:      evilmike_arrival_plus
D:3:      first_bread, ecumenical_altar_2
D:4:      nicolae_tso_besieged_by_evil, uniq_grinder
D:6:      grunt_qazlal_clouds
D:7:      minmay_misc_feat_hallway, uniq_prince_ribbit1, uniq_pikel
D:8:      due_lair_maze_entry_diamond, minivault_1, grunt_ogre_cave
Temple:   nicolae_temple_the_god_donut
Lair:1:   wad_woods_road_03, minmay_lair_oklob_bushes
Lair:2:   elwin_shoals_entry_stream, guppyfry_snake_entry_island,
          serial_bayou_shore_b, uniq_nergalle

Skill      XL: |  1  2  3  4  5  6  7  8 |
---------------+-------------------------+-----
Axes           | 3 4 7 9 11 12 | 12.0
Fighting       | |  3.6
Armour         | |  3.6
Shields        | |  3.6

Action                   |  1- 3 |  4- 6 |  7- 9 || total
-------------------------+-------+-------+-------++-------
Melee: War axe           |    71 |    73 |   104 ||   248
       Headbutt          |    11 |     8 |    21 ||    40
Invok: Heroism           |       |       |     9 ||     9
  Use: Potion            |     1 |     2 |       ||     3
       Scroll            |       |     5 |       ||     5
  Eat: Chunk             |       |     1 |     2 ||     3
Armor: Scale mail        |    79 |       |       ||    79
       Chain mail        |     2 |    30 |    21 ||    53
Dodge: Dodged            |    53 |    17 |    20 ||    90
Block: Shield            |   112 |    50 |    68 ||   230
       Reflection        |       |       |     1 ||     1

Table legend:
 A = Turns spent in this place as a percentage of turns spent in the entire game.
 B = Non-inter-level travel turns spent in this place as a percentage of non-inter-level travel turns spent in the entire game.
 C = Inter-level travel turns spent in this place as a percentage of turns spent in this place.
 D = Turns resting spent in this place as a percentage of non-inter-level travel turns spent in this place.
 E = Turns spent auto-exploring this place as a percentage of non-inter-level travel turns spent in this place.
 F = Non-inter-level travel turns spent in this place divided by the number of levels of this place that you've seen.
                   A       B       C       D       E      F
               +-------+-------+-------+-------+-------+----------------------
         Total | 100.0 | 100.0 |   0.0 |   0.1 |   0.0 | 129.7
       Dungeon |  91.6 |  91.6 |   0.0 |   0.2 |   0.0 | 163.4
        Temple |   2.0 |   2.0 |   0.0 |   0.0 |   0.0 |  29.0
          Lair |   6.4 |   6.4 |   0.0 |   0.0 |   0.0 |  45.5
               +-------+-------+-------+-------+-------+----------------------

Table legend:
 A = Kills in this place as a percentage of kills in entire the game.
 B = Kills by you in this place as a percentage of kills by you in the entire game.
 C = Kills by friends in this place as a percentage of kills by friends in the entire game.
 D = Other kills in this place as a percentage of other kills in the entire game.
 E = Experience gained in this place as a percentage of experience gained in the entire game.
 F = Experience gained in this place divided by the number of levels of this place that you have seen.
                   A       B       C       D       E      F
               +-------+-------+-------+-------+-------+----------------------
         Total | 100.0 | 100.0 |  -nan |  -nan | 100.0 | 169.5
       Dungeon |  97.4 |  97.4 |  -nan |  -nan |  85.8 | 200.0
          Lair |   2.6 |   2.6 |  -nan |  -nan |  14.2 | 132.5
               +-------+-------+-------+-------+-------+----------------------
